 Dungeon Crawl Stone Soup version 0.29-a0-22-gbf593b16ee (webtiles) character file.

Game seed: 10092425637492144799

80 Sweetruy1997 the Sneak (level 4, -8/27 HPs)
             Began as a Kobold Brigand on Jan 29, 2022.
             Mangled by an orc priest (19 damage)
             ... on level 3 of the Dungeon.
             The game lasted 00:05:52 (2495 turns).

Sweetruy1997 the Sneak (Kobold Brigand)             Turns: 2495, Time: 00:05:54

Health: -8/27      AC:  7    Str:  8    XL:     4   Next: 65%
Magic:  4/4        EV: 13    Int: 12    God:
Gold:   35         SH:  5    Dex: 18    Spells: 3/3 levels left

rFire   . . .      SeeInvis .   a - +2 dagger
rCold   . . .      Faith    .   h - +0 buckler
rNeg    . . .      Spirit   .   g - +0 leather armour
rPois   .          Reflect  .   s - +0 helmet
rElec   .          Harm     .   c - +0 cloak
rCorr   .          Rampage  +   (no gloves)
Will    .....                   i - +1 pair of boots {rampage}
Stlth   ++++......              (no amulet)
HPRegen 0.09/turn               (no ring)
MPRegen 0.09/turn               (no ring)

@: lethally poisoned (-8 -> -14)
A: small, no large weapons, nightstalker 3
a: no special abilities


You were on level 3 of the Dungeon.
You visited 1 branch of the dungeon, and saw 3 of its levels.

You collected 84 gold pieces.
You spent 49 gold pieces at shops.

Inventory:

Hand Weapons
 a - a +2 dagger (weapon)
Missiles
 e - 2 curare-tipped darts
 l - 3 poisoned darts (quivered)
 m - 6 atropa-tipped darts
Armour
 c - a +0 cloak (worn)
 g - a +0 leather armour (worn)
 h - a +0 buckler (worn)
 i - a +1 pair of boots of rampaging (worn)
 s - a +0 helmet (worn)
Scrolls
 k - a scroll of amnesia {unknown}
 n - a scroll of fog {unknown}
 r - a scroll of enchant armour {unknown}
Potions
 b - a potion of haste {unknown}
 d - a potion of flight {unknown}
 f - 2 potions of degeneration {unknown}
 j - 2 potions of brilliance {unknown}
 o - a potion of heal wounds {unknown}
 p - a potion of magic {unknown}
 q - a potion of curing {unknown}


   Skills:
 + Level 2.4 Fighting
 + Level 3.5 Short Blades
 + Level 2.6 Throwing
 - Level 1.0 Armour
 + Level 1.9 Dodging
 + Level 6.3 Stealth


You had 3 spell levels left.
You didn't know any spells.
Your spell library contained the following spells:

 Spells                   Type           Power      Damage    Failure   Level
 Freeze                   Ice            0%         1d3       58%         1
 Frozen Ramparts          Ice            0%         1d2       92%         3
 Hailstorm                Conj/Ice       0%         3d3       100%        4


Dungeon Overview and Level Annotations

Branches:
Dungeon (3/15)

Altars:
Kikubaaqudgha

Shops:
D:3 [


Innate Abilities, Weirdness & Mutations

You are small and have problems with some larger weapons.
You are completely attuned to the shadows.


Message History

Your Armour skill increases to level 1!
No target in view!
An orc comes into view. It is wielding a +2 trident of venom.
Things that are here:
a +0 club; a +0 ring mail An orc is nearby!
You throw a poisoned dart. The poisoned dart hits the orc.
The orc is poisoned.
The orc shouts!
You throw a poisoned dart. The poisoned dart hits the orc.
The orc looks even sicker.
The orc is moderately wounded.
An orc priest comes into view.
It is wielding a +0 hand axe of electrocution.
You throw a poisoned dart. The poisoned dart hits the orc.
The orc looks even sicker.
The orc is moderately wounded.
The orc barely misses you.
The orc priest casts a cantrip, but nothing happens.
You rampage towards the orc!
You hit the orc.
The orc is almost dead.
The orc priest calls upon Beogh to heal the orc.
The orc is healed somewhat.
The orc hits you with a +2 trident of venom.
You are poisoned.
You hit the orc.
The orc is severely wounded.
You feel very sick.
You kill the orc!
You throw a poisoned dart. The poisoned dart hits the orc priest.
The orc priest is poisoned.
You feel sick.
You throw a poisoned dart. The poisoned dart hits the orc priest.
The orc priest looks even sicker.
The orc priest is lightly wounded.
You feel sick.
You hit the orc priest.
The orc priest is moderately wounded.
You feel sick.
The orc priest hits you with a +0 hand axe of electrocution.
You are electrocuted!!
Ouch! That really hurt!
You die...

.#.# ####.#.#.##.## #.# ...##
###.###.##.# #.#
....###§...§#.##.# #.#
.#....#.....#>##.####.#
....#...._............#
.#..###.....###.(.###.#########
.#..# #§...§#...(.............#
....#####.#####.o÷########.##.#
.#..........#.(.@....# #.##.###
##..###.....#.#.).##.# #.##....
#..###.#.... ##.###.# #.######
#..>...#...# #.# #.# #.#
##.###<###.# #.# #.#####.#
#.....# ##.# #.##....# ####.##
#..###.##.#### ######.#
#....#.##.# #......#
####.#.##.#


You could see an orc priest (very poisoned).

Vanquished Creatures
  2 adders (D:2)
  2 worms (D:2)
  A dart slug (D:1)
  2 orcs (D:3)
  4 endoplasms
  4 giant cockroaches (D:1)
  5 goblins
  5 hobgoblins
  6 kobolds
  A quokka (D:2)
  5 ball pythons
  2 bats (D:1)
  2 frilled lizards (D:2)
  6 rats
47 creatures vanquished.

Notes
Turn   | Place    | Note
-------+----------+-------------------------------------------
     0 | D:1      | Sweetruy1997 the Kobold Brigand began the quest for the
                  | Orb.
     0 | D:1      | Reached XP level 1. HP: 12/12 MP: 1/1
   295 | D:1      | Reached XP level 2. HP: 18/18 MP: 2/2
   411 | D:1      | Found a faded altar of an unknown god.
   608 | D:1      | Reached skill level 6 in Stealth
   898 | D:1      | Reached XP level 3. HP: 22/22 MP: 3/3
  1607 | D:2      | Reached XP level 4. HP: 27/27 MP: 4/4
  2270 | D:3      | Found an ancient bone altar of Kikubaaqudgha.
  2332 | D:3      | Found Feoheol's Armour Shop.
  2337 | D:3      | Bought a +0 helmet for 49 gold pieces
  2487 | D:3      | Reached skill level 1 in Armour
  2495 | D:3      | Mangled by an orc priest

Illustrated notes

Levels and vault maps discovered:
D:1:      psy_arrival_statuary, layout_loops_corners, basic_ecumenical_altar
D:2:      layout_rooms
D:3:      layout_loops_ring, nicolae_kikubaaqudgha_miasma_corner, serial_shops,
          nicolae_square_shop, chequers_arboretum, uniq_terence, uniq_robin

Skill      XL: |  1  2  3  4 |
---------------+-------------+-----
Stealth        | 6 |  6.3
Short Blades   | 3 |  3.5
Armour         | 1 |  1.0
Fighting       | |  2.4
Throwing       | |  2.6
Dodging        | |  1.9

Action                   |  1- 3 |  4- 6 || total
-------------------------+-------+-------++-------
Melee: Dagger            |    96 |    50 ||   146
Throw: Dart              |    28 |    19 ||    47
  Use: Scroll            |       |     1 ||     1
 Stab: Sleeping          |     7 |       ||     7
Armor: Leather armour    |    19 |    13 ||    32
Dodge: Dodged            |    51 |    28 ||    79

Table legend: (Time is in decaauts)
 A = Elapsed time spent in this place.
 B = Non-inter-level travel time spent in this place.
 C = Inter-level travel time spent in this place.
 D = Time resting spent in this place.
 E = Time spent auto-exploring this place.
 F = Levels seen in this place.
 G = Mean time per level.
                   A        B        C        D        E       F      G
               +--------+--------+--------+--------+--------+-----+--------+
         Total |   2467 |   2442 |     25 |      0 |   2072 |   3 |  822.3 |
       Dungeon |   2467 |   2442 |     25 |      0 |   2072 |   3 |  822.3 |
               +--------+--------+--------+--------+--------+-----+--------+

Top non-repeatable levels by time:
     D:1: 1081 daAuts
     D:2: 1049 daAuts
     D:3: 336 daAuts
